 Dungeon Crawl Stone Soup version 0.16.1-18-g436b03c (webtiles) character file.

441 Lazygun the Stinger (level 6, -6/47 HPs)
             Began as a Draconian Venom Mage on Mar 21, 2015.
             Mangled by Thomus' ghost (15 damage)
             ... on level 4 of the Dungeon on May 3, 2015.
             The game lasted 00:51:49 (5546 turns).

Lazygun the Stinger (Draconian Venom Mage)          Turns: 5546, Time: 00:51:49

Health: -6/47      AC:  6    Str: 11    XL:     6   Next: 70%
Magic:  13/13      EV: 13    Int: 16    God:
Gold:   134        SH:  0    Dex: 12    Spells: 3 memorised, 5 levels left

rFire  . . .     SeeInvis .     k - +1 dagger
rCold  . . .     Clarity  .     (armour unavailable)
rNeg   . . .     SustAb   .     (no shield)
rPois  .         Gourm    .     (helmet restricted)
rElec  .         Spirit   .     (no cloak)
rCorr  .         Warding  .     (no gloves)
rMut   .         Stasis   .     (no boots)
MR     .....                    (no amulet)
Stlth  ++........               (no ring)
                                (no ring)

@: not resistant to hostile enchantments, unstealthy
A: unfitting armour, cold-blooded, AC +6
a: no special abilities


You were on level 4 of the Dungeon.
You were hungry.

You visited 1 branch of the dungeon, and saw 4 of its levels.

You collected 134 gold pieces.

Inventory:

Hand weapons
 e - a cursed -3 short sword
 h - a +0 dagger
 k - a +1 dagger (weapon)
 m - a +0 dagger
Missiles
 o - 3 silver tomahawks
 p - 8 tomahawks
 q - 4 steel tomahawks (quivered)
Armour
 d - a +0 robe
Magical devices
 v - a wand of slowing (29)
Scrolls
 l - a scroll of teleportation
 r - a scroll of identify
 s - a scroll of fog {unknown}
 t - a scroll of random uselessness
Books
 b - a Young Poisoner's Handbook

   Spells                             Type                      Level
   a - Sting                          Conjuration/Poison           1
   b - Cure Poison                    Poison                       2
   c - Mephitic Cloud                 Conjuration/Poison/Air       3
   d - Olgreb's Toxic Radiance        Poison                       4
   e - Venom Bolt                     Conjuration/Poison           5
Comestibles
 c - 3 bread rations
 f - 2 meat rations
 g - 3 fruits
 i - a chunk of flesh


   Skills:
 + Level 1.3 Fighting
 + Level 3.6 Dodging
 - Level 2.7 Stealth
 + Level 1.2 Unarmed Combat
 + Level 3.2 Spellcasting
 * Level 2.1 Conjurations
 * Level 5.3 Poison Magic


You had 5 spell levels left.
You knew the following spells:

 Your Spells              Type           Power        Failure   Level  Hunger
a - Sting                 Conj/Pois      ##..         4%          1    None
b - Cure Poison           Pois           ###.......   3%          2    ##.....
c - Mephitic Cloud        Conj/Pois/Air  ##......     21%         3    ###....


Dungeon Overview and Level Annotations

Branches:
Dungeon (4/15)
 Temple: D:4-7

Altars:
Ashenzari
Cheibriados
Kikubaaqudgha
Makhleb

Annotations:
D:4 Thomus' ghost, experienced HOFi


Innate Abilities, Weirdness & Mutations

Your plain brown scales are hard (AC +6).
Your body does not fit into most forms of armour.
Your cold-blooded metabolism reacts poorly to cold.


Message History

Read which item? (? for menu, Esc to quit)
As you read the scroll labeled STAHOXTESIC, it crumbles to dust.
It is a scroll of identify.
Identify which item? (\ to view known items) (? for menu, Esc to quit)
v - a wand of slowing (31) Thomus' ghost hits you!
* * * LOW HITPOINT WARNING * * *
Evoke which item? (* to show all) (? for menu, Esc to quit)
Zapping:
v - a wand of slowing (31)
Press: ? - help, Shift-Dir - straight line, f - Thomus' ghost
Aim: Thomus' ghost (lightly damaged, inner flame, chance 19%) Thomus' ghost resists with almost no effort.
This wand has 30 charges left.
Thomus' ghost completely misses you.
Evoke which item? (* to show all) (? for menu, Esc to quit)
Zapping:
v - a wand of slowing (30)
Press: ? - help, Shift-Dir - straight line, f/p - Thomus' ghost
Aim: Thomus' ghost (lightly damaged, inner flame, chance 19%) Thomus' ghost seems to slow down.
This wand has 29 charges left.
Thomus' ghost hits you!
You die...

##### ######### #
#...#######..)....# ..#
#........W@.#####.# #.#
#...######### #.# #.# ##.##
#.# #.# #.# #.# #.# #.#
######.##### #.# #.#
#..........#
###.####(#########.######.#.#
.........W.[.......######.#.##
###.####W#########......#....#


You could see Thomus' ghost (inner flame).

Vanquished Creatures
  A scorpion (D:3)
  An orc priest (D:4)
  2 hounds
  An orc wizard (D:4)
  8 adders
  A giant mite (D:4)
  4 worms
  An adder skeleton (D:4)
  28 orcs
  2 ball pythons
  10 bats
  5 bat zombies (D:3)
  5 giant cockroaches
  8 goblins
  13 hobgoblins
  9 jackals
  A quokka (D:4)
  4 giant geckos
  4 giant newts
  13 kobolds
  9 rats
  3 rat zombies (D:3)
133 creatures vanquished.

Vanquished Creatures (others)
  An orc wizard (D:4)
1 creature vanquished.

Grand Total: 134 creatures vanquished

Notes
Turn   | Place    | Note
--------------------------------------------------------------
     0 | D:1      | Lazygun, the Draconian Venom Mage, began the quest for the Orb.
     0 | D:1      | Reached XP level 1. HP: 14/14 MP: 3/3
   161 | D:1      | Reached XP level 2. HP: 17/20 MP: 4/4
   173 | D:1      | Learned a level 2 spell: Cure Poison
   860 | D:1      | You fall through a shaft!
   872 | D:2      | Found a burning altar of Makhleb.
   892 | D:2      | Reached XP level 3. HP: 6/27 MP: 4/6
  1245 | D:2      | Reached skill level 1 in Unarmed Combat
  1245 | D:2      | Reached XP level 4. HP: 27/34 MP: 3/7
  2376 | D:3      | Reached skill level 1 in Fighting
  2376 | D:3      | Reached XP level 5. HP: 29/40 MP: 9/9
  2476 | D:3      | Upgraded the game from 0.16.0-17-g811c1d7 to 0.16.1-18-g436b03c
  2523 | D:3      | Found a shattered altar of Ashenzari.
  2969 | D:3      | Reached skill level 1 in Conjurations
  3551 | D:3      | Reached XP level 6. HP: 41/47 MP: 3/11
  3717 | D:3      | Found an ancient bone altar of Kikubaaqudgha.
  3807 | D:3      | Reached skill level 5 in Poison Magic
  4158 | D:3      | Found a snail-covered altar of Cheibriados.
  4276 | D:3      | Learned a level 3 spell: Mephitic Cloud
  5473 | D:4      | Noticed Thomus' ghost (experienced HOFi)
  5546 | D:4      | Mangled by Thomus' ghost

Action                   |  1- 3 |  4- 6 || total
-------------------------+-------+-------++-------
Melee: Unarmed           |   107 |   221 ||   328
       Dagger            |       |    18 ||    18
Throw: Tomahawk          |       |    13 ||    13
 Cast: Sting             |    18 |   180 ||   198
       Cure Poison       |       |     2 ||     2
Evoke: Wand              |       |     3 ||     3
  Use: Scroll            |       |     8 ||     8
       Potion            |       |     9 ||     9
 Stab: Sleeping          |     2 |     3 ||     5
       Invisible         |       |     3 ||     3
  Eat: Chunk             |       |    15 ||    15
       Pizza             |       |     1 ||     1
